 Dungeon Crawl Stone Soup version 0.18.1-6-gd335043 (webtiles) character file.

307243 oplop the Bewitcher (level 20, -2/179 HPs)
             Began as a Vampire Enchanter on May 19, 2016.
             Was the Champion of Ashenzari.
             Killed from afar by Margery (56 damage)
             ... with a fireball
             ... on level 3 of the Depths.
             The game lasted 02:38:23 (39009 turns).

oplop the Bewitcher (Vampire Enchanter)            Turns: 39009, Time: 02:38:24

Health: -2/179     AC: 16    Str: 10    XL:     20   Next: 32%
Magic:  35/43      EV: 35    Int: 28    God:    Ashenzari [******]
Gold:   2921       SH: 15    Dex: 27    Spells: 12 memorised, 5 levels left

rFire  . . .     SeeInvis +     a - +8 dagger of Freehold {elec, rC+ Dex+4}
rCold  + + .     Gourm    .     t - +2 robe "Solel" {MR+} (curse)
rNeg   + + .     Faith    .     A - +2 buckler (curse)
rPois  +         Spirit   .     Z - +0 helmet (curse)
rElec  .         Dismiss  .     C - +0 cloak
rCorr  .         Reflect  +     U - +2 pair of gloves (curse)
SustAt .         Harm     .     m - +0 pair of boots "Cutumiqi" {+Fly Int+5} (curse)
MR     +++..     Clarity  +     F - +6 amulet of reflection (curse)
Stlth  +++++++++.               p - +5 ring of slaying (curse)
                                b - ring "Negasi" {*Corrode rPois AC+3 Int+5 Dex+3} (curse)

@: regenerating slowly, extremely resistant to hostile enchantments, incredibly
stealthy
A: fangs 3, repulsion field 1, icy blue scales 1, see invisible, dopey 1, high
mp 1, sense surroundings 1, poison resistance, robust 1, strong 1, unbreathing,
evolution 1, subdued magic 1
a: Bat Form, Curse Item, Scrying, Transfer Knowledge, Renounce Religion, Evoke
Flight
}: 2/15 runes: decaying, serpentine


You were on level 3 of the Depths.
You worshipped Ashenzari.
Ashenzari was exalted by your worship.
You were thirsty.

You visited 8 branches of the dungeon, and saw 40 of its levels.
You also visited: Labyrinth, Sewer and Ice Cave.

You collected 4695 gold pieces.
You spent 1774 gold pieces at shops.

Inventory:

Hand Weapons
 a - the +8 dagger of Freehold (weapon) {elec, rC+ Dex+4}
   (You bought it in a shop on level 1 of the Elven Halls)

   Occasionally, upon striking a foe, it will discharge some electrical energy
   and cause terrible harm.
   It affects your dexterity (+4).
   It protects you from cold.
 g - a +8 blowgun
Missiles
 G - 3 throwing nets (quivered)
 L - 2 needles of confusion
Armour
 m - the cursed +0 pair of boots "Cutumiqi" (worn) {+Fly Int+5}
   (You acquired it on level 3 of the Lair of Beasts)

   It affects your intelligence (+5).
   It lets you fly.
   It has a curse placed upon it.
 t - the cursed +2 robe "Solel" (worn) {MR+}
   (You found it on level 4 of the Dungeon)

   It affects your resistance to hostile enchantments.
   It has a curse placed upon it.
 A - a cursed +2 buckler (worn)
 C - a +0 cloak (worn)
 U - a cursed +2 pair of gloves (worn)
 Z - a cursed +0 helmet (worn)
Jewellery
 b - the cursed ring "Negasi" (left hand) {*Corrode rPois AC+3 Int+5 Dex+3}
   (You found it in a labyrinth)

   [ring of protection]

   It affects your AC (+3).
   It affects your intelligence (+5).
   It affects your dexterity (+3).
   It protects you from poison.
   It may corrode you when you take damage.
   It has a curse placed upon it.
 p - a cursed +5 ring of slaying (right hand)
 z - an uncursed ring of resist corrosion
 F - a cursed +6 amulet of reflection (around neck)
 P - the ring of Waysmop {-Tele rF+++ rC+ Dex+4}
   (You found it in an ice cave)

   [ring of protection from cold]

   It affects your dexterity (+4).
   It renders you almost immune to fire.
   It protects you from cold.
   It prevents most forms of teleportation.
Wands
 c - a wand of digging (16/24)
 B - a wand of disintegration (11/24)
 K - a wand of digging (8/24)
 M - a wand of heal wounds (0/9)
 R - a wand of digging (9/24)
Scrolls
 e - 17 scrolls of remove curse
 s - 2 scrolls of magic mapping
 w - 8 scrolls of fear
 H - 12 scrolls of teleportation
 I - 3 scrolls of immolation
 J - 3 scrolls of enchant weapon
 N - 3 scrolls of amnesia
 O - 2 scrolls of torment
 Q - 13 scrolls of identify
 T - 2 scrolls of blinking
 V - 8 scrolls of fog
 W - 4 scrolls of recharging
 Y - 6 scrolls of enchant armour
Potions
 d - 12 potions of heal wounds
 f - 3 potions of invisibility
 h - 4 potions of agility
 i - 51 potions of blood
 j - 5 potions of magic
 k - 6 potions of brilliance
 l - 5 potions of cancellation
 o - a potion of resistance
 q - 24 potions of curing
 u - 3 potions of might
 v - 5 potions of flight
 D - 9 potions of haste
 E - 3 potions of ambrosia
Books
 n - a book of Alchemy

   Spells                             Type                      Level
   a - Sublimation of Blood           Necromancy                   2
   b - Ignite Poison                  Fire/Transmutation/Poison    3
   c - Petrify                        Transmutation/Earth          4
   d - Alistair's Intoxication        Transmutation/Poison         5
   e - Irradiate                      Conjuration/Transmutation    5
 r - a Necronomicon

   Spells                             Type                      Level
   a - Haunt                          Necromancy/Summoning         7
   b - Borgnjor's Revivification      Necromancy                   8
   c - Death's Door                   Charms/Necromancy            8
   d - Necromutation                  Transmutation/Necromancy     8
 y - a book of the Sky

   Spells                             Type                      Level
   a - Summon Lightning Spire         Summoning/Air                4
   b - Airstrike                      Air                          4
   c - Silence                        Hexes/Air                    5
   d - Deflect Missiles               Charms/Air                   6
   e - Conjure Ball Lightning         Conjuration/Air              6
   f - Tornado                        Air                          9
 S - an Akashic Record

   Spells                             Type                      Level
   a - Dispersal                      Translocation                6
   b - Malign Gateway                 Summoning/Translocation      7
   c - Disjunction                    Translocation                8
   d - Controlled Blink               Translocation                8
 X - the Incunabulum of Quantum Self-Improvement
   (You found it on level 3 of the Elven Halls)

   Spells                             Type                      Level
   a - Gell's Gravitas                Hexes/Translocation          3
   b - Passage of Golubria            Translocation                4
   c - Haste                          Charms                       6
   d - Ring of Flames                 Charms/Fire                  7


   Skills:
 - Level 15.4 Fighting
 - Level 10.5 Short Blades
 - Level 7.8 Throwing
 - Level 7.5 Armour
 - Level 15.3(17.9) Dodging
 - Level 15.6(18.2) Stealth
 - Level 4.0(6.8) Shields
 + Level 15.5 Spellcasting
 - Level 1.4(4.3) Conjurations
 - Level 16.0(19.9) Hexes
 + Level 7.7(12.2) Charms
 + Level 8.8(13.2) Translocations
 - Level 1.8(5.0) Air Magic
 - Level 2.1(5.5) Poison Magic


You had 5 spell levels left.
You knew the following spells:

 Your Spells              Type           Power        Failure   Level  Hunger
a - Corona                Hex            #######      0%          1    None
b - Ensorcelled Hibernat  Hex/Ice        ######       1%          2    None
c - Confuse               Hex            #######.     0%          3    None
d - Tukima's Dance        Hex            #######.     0%          3    None
e - Dazzling Spray        Conj/Hex       ######..     1%          3    None
f - Invisibility          Hex            #######.     1%          6    ###....
g - Mephitic Cloud        Conj/Pois/Air  #####...     1%          3    None
h - Discord               Hex            #######...   4%          8    ######.
i - Passage of Golubria   Tloc           N/A          1%          4    None
j - Silence               Hex/Air        ######....   1%          5    None
k - Apportation           Tloc           ######....   0%          1    None
l - Haste                 Chrm           ######..     1%          6    ###....


Dungeon Overview and Level Annotations

Branches:
Dungeon (15/15)            Temple (1/1) D:7            Lair (8/8) D:9
  Swamp (4/4) Lair:4        Snake (4/4) Lair:4        Slime (0/6) Lair:6
    Orc (2/2) D:12            Elf (3/3) Orc:2        Vaults (0/5) D:13
 Depths (3/5) D:15

Altars:
Ashenzari
Cheibriados
Dithmenos
Elyvilon
Fedhas
Gozag
Kikubaaqudgha
Makhleb
Nemelex Xobeh
Okawaru
Pakellas
Qazlal
Ru
Sif Muna
Trog
Vehumet
Xom
Yredelemnul
Zin
The Shining One
Beogh

Shops:
D:13 =   Orc:1 !   Orc:2 %}([(   Elf:1 (   Elf:2 *   Depths:2 =

Portals:
Hell: Lair:8 Depths:1 Depths:2
Pandemonium: Depths:2
Trove: D:10 (give +8 demon blade)

Annotations:
Lair:7 exclusion: 5 oklob plants
Lair:8 exclusion: 2 doors
Swamp:2 exclusion: Roxanne, Roxanne
Elf:2 exclusion: door
Elf:3 Mara
Depths:1 exclusion: obsidian statue
Depths:3 Margery


Innate Abilities, Weirdness & Mutations

You heal slowly.
You have razor-sharp teeth.
You have supernaturally acute eyesight.
You can survive without breathing.
You are surrounded by a mild repulsion field (EV +2).
You are partially covered in icy blue scales (AC +1).
You are dopey. (Int -2)
You have an increased reservoir of magic (+10% MP).
You passively map a small area around you.
Your system is resistant to poisons.
You are robust (+10% HP).
Your muscles are strong. (Str +2)
You evolve.
Your spells are a little easier to cast, but a little less powerful.


Message History

The hell knight hits the hell knight with a demon trident of distortion!
Space warps horribly around the hell knight!
The hell knight hits the hell knight with a scimitar of flaming.
The hell knight hits you from afar with an enchanted halberd!
* * * LOW HITPOINT WARNING * * *
You hear a shout!
Margery casts a spell at you.
The fireball explodes!
The fireball engulfs you!
* * * LOW HITPOINT WARNING * * *
You hear an angry hiss.
Drink which item? (? for menu, Esc to quit)
You feel much better.
The hell knight barely misses something.
The hell knight hits the hell knight with a scimitar of flaming!!!
Something hits the hell knight!!
The hell knight dies!
The hell knight misses you. Margery casts a spell at you.
The fireball explodes!
The fireball engulfs you!
You die...

+ ..*#.#.##......., ,* ,
*** ** ..##.#.##......{, ,
, ,,, *∆*...#.#.##...i##.#
* ,,, , * {∆*
,................., , ,
,** ** #...............
+*+* **
,#.#.##.#####.#.#*** ,, ,
, *,#............... .. ,
,,, * ,
,#...##.#.###.#.##.# , ,,
,,, * #.@......(.#.#(##.#
*** ,,,, * *
#.####.#.#.#.#.##.# , ,
..{..@.p.............##.#
*,* ,,
,..###.#)####.#.#.#.#.##.#
, ,,,,* ,**#..p{
.........#.##.# ,,,,,,, .
..###.............. *, ,,
,.....# #..#.#.........
,,, * ,, .#
#..#*#..#.#...#.##.# , ,
,, ,
##*,....,....(..........


You could see Margery, a hell knight, a spriggan rider and a neutral hell knight
(insane).

Vanquished Creatures
  Vashnia (Snake:4)
  3 deep elf blademasters
  A deep elf master archer (Elf:3)
  Kirke (Swamp:2)
  Wiglaf (Elf:3)
  2 thorn hunters
  A deep elf sorcerer (Elf:3)
  5 greater nagas (Snake:4)
  Donald (Elf:3)
  2 fire giants
  Louise (Swamp:4)
  4 frost giants
  Aizul (Snake:3)
  2 very ugly things (Depths:2)
  A deep elf elementalist (Elf:3)
  3 stone giants (Depths:2)
  2 deep elf demonologists (Elf:3)
  6 deep elf annihilators (Elf:3)
  A dire elephant (Lair:8)
  5 ettins
  A spark wasp (Depths:2)
  2 vault guards (D:13)
  2 deep elf death magi (Elf:3)
  A minotaur (Lab)
  4 fire dragons
  4 yaktaur captains
  A deep elf high priest (Elf:3)
  4 entropy weavers
  A hell beast (Depths:1)
  5 rakshasas
  4 ice dragons
  13 naga warriors
  14 hydras
  9 centaur warriors
  6 ogre magi
  10 anacondas
  A ghost crab (Swamp:1)
  8 alligators
  2 spriggan berserkers
  28 dancing weapons
  A vampire mage (Depths:1)
  A tengu warrior (Depths:1)
  A queen ant (Lair:5)
  An orc high priest (Orc:2)
  3 naga sharpshooters
  15 death yaks
  6 shock serpents
  18 deep elf knights
  3 hell knights (Depths:2)
  2 soul eaters (Depths:1)
  The ghost of seren the Thaumaturge, a novice DEWz of Sif Muna (D:9)
  4 salamander mystics
  5 sea snakes (Snake:4)
  4 spriggan druids
  A flayed ghost (Depths:2)
  3 unseen horrors
  2 orc knights
  6 swamp dragons
  An anubis guard (shapeshifter) (Elf:3)
  7 deep elf archers
  3 hill giants
  3 naga ritualists (Snake:3)
  40 deep elf magi
  A necromancer (Depths:2)
  5 orc sorcerers
  9 mana vipers
  23 ugly things
  An oklob plant (Lair:7)
  A wolf spider zombie (D:13)
  2 griffons
  A faun (shapeshifter) (Elf:3)
  5 cyclopes
  A manticore (D:15)
  35 slime creatures
  7 salamanders
  2 centaur zombies (D:14)
  10 elephants
  15 naga magi
  11 spiny frogs
  The ghost of Rationalist the Shield-Bearer, a novice FoFi (D:6)
  32 black mambas
  4 guardian serpents
  2 torpor snails
  4 rime drakes
  A rime drake (shapeshifter) (D:13)
  An orange demon (Depths:1)
  2 yaktaurs
  A freezing wraith (D:15)
  2 kobold demonologists (D:13)
  10 komodo dragons
  2 tengu conjurers
  2 red devils (Depths:1)
  An ice devil (Depths:1)
  15 polar bears
  Grinder (D:3)
  5 trolls
  A jumping spider (Depths:2)
  12 two-headed ogres
  7 giant leeches
  10 blink frogs
  13 bog bodies
  3 air elementals
  4 water elementals
  3 spriggans (Swamp:2)
  A tarantella (shapeshifter) (Depths:2)
  76 yaks
  3 shadows
  3 wyverns
  2 redbacks (Depths:3)
  3 tarantellas
  6 basilisks
  A vampire (D:10)
  A wraith (D:13)
  4 fire elementals
  9 hippogriffs
  10 vampire mosquitoes
  2 hungry ghosts
  32 nagas
  A mottled dragon (D:14)
  15 insubstantial wisps
  3 wargs
  5 soldier ants (Lair:5)
  18 swamp worms
  16 porcupines
  15 water moccasins
  7 swamp drakes
  20 orc warriors
  2 sky beasts
  A black bear (shapeshifter) (Depths:2)
  A black bear (D:13)
  4 ice beasts
  Purgy (Sewer)
  3 phantoms
  4 wasps
  2 boggarts
  31 ogres
  11 centaurs
  22 crocodiles
  28 wolves
  Blork the orc (D:4)
  6 big kobolds
  19 giant frogs
  2 earth elementals
  A wyvern zombie (D:8)
  5 scorpions
  14 killer bees
  4 wights
  8 howler monkeys
  An electric eel (D:13)
  18 crimson imps
  A quasit (D:8)
  23 orc priests
  32 orc wizards
  A gnoll shaman (D:10)
  7 hounds
  5 giant frog zombies
  Crazy Yiuf (D:4)
  6 iron imps (Depths:1)
  15 jellies
  4 centaur skeletons
  7 iguanas
  29 worker ants
  14 sheep
  A hound skeleton (D:7)
  A worker ant zombie (D:9)
  7 gnolls
  2 howler monkey skeletons
  10 adders
  56 river rats
  6 shadow imps
  An ooze (Lair:6)
  2 adder zombies
  2 adder skeletons
  2 worms (D:3)
  2 dart slugs
  7 giant geckos
  85 orcs
  A ball python (D:3)
  8 giant cockroaches
  10 goblins
  8 hobgoblins
  10 jackals
  9 quokkas
  4 bats
  A giant gecko skeleton (D:4)
  7 giant newts
  28 kobolds
  2 quokka skeletons
  A quokka zombie (D:6)
  8 rats
  4 plants
1435 creatures vanquished.

Vanquished Creatures (collateral kills)
  2 thorn hunters (Swamp:4)
  6 greater nagas
  2 deep elf sorcerers (Elf:3)
  A large abomination (Elf:3)
  A stone giant (Depths:2)
  A vampire knight (Depths:2)
  2 deep elf demonologists (Elf:3)
  2 deep elf annihilators (Elf:3)
  An ettin (Depths:2)
  2 vault guards (D:13)
  5 deep elf death magi (Elf:3)
  A deep elf high priest (Elf:3)
  A great orb of eyes (Depths:2)
  4 naga warriors
  2 hydras (Swamp:4)
  2 centaur warriors
  An ogre mage (Depths:2)
  A dancing weapon (Depths:2)
  7 anacondas
  An orc high priest (Elf:2)
  A shock serpent (Snake:4)
  A deep elf knight (Elf:3)
  6 naga sharpshooters
  5 hell knights (Depths:2)
  4 sea snakes (Snake:4)
  5 naga ritualists
  A salamander (Snake:4)
  2 swamp dragons (Swamp:4)
  A deep elf archer (Elf:2)
  2 hill giants
  4 necromancers (Depths:2)
  3 mana vipers
  6 deep elf magi
  2 orc sorcerers (Orc:2)
  3 naga magi (Snake:4)
  2 guardian serpents (Snake:4)
  11 black mambas
  A yaktaur (shapeshifter) (Elf:2)
  A red devil (Depths:1)
  A giant leech (Swamp:2)
  3 slime creatures (Swamp:2)
  3 bog bodies (Swamp:4)
  3 spriggans
  2 redbacks (Depths:2)
  2 insubstantial wisps (Swamp:4)
  A warg (Orc:2)
  25 nagas
  7 water moccasins (Snake:1)
  6 orc warriors
  A giant eyeball (Depths:2)
  3 wasps
  6 swamp drakes
  A boggart (Depths:1)
  An ogre (Elf:2)
  An earth elemental (Elf:2)
  9 wights
  2 electric eels (Elf:3)
  5 orc priests (Orc:2)
  10 orc wizards (Orc:2)
  A sheep (D:9)
  3 adders (Snake:1)
  2 gnolls (D:10)
  6 orcs
  3 ball pythons (Snake:1)
  2 crawling corpses (Elf:3)
215 creatures vanquished.

Vanquished Creatures (others)
  A deep elf master archer (Elf:3)
  A fire giant (Depths:2)
  A frost giant (Depths:2)
  A deep elf annihilator (Elf:3)
  2 naga warriors
  An ice dragon (Depths:2)
  A black mamba (Snake:3)
  A centaur warrior (Depths:1)
  An anaconda (Snake:1)
  A shock serpent (Snake:4)
  3 naga sharpshooters (Snake:4)
  A hell knight (Depths:3)
  2 sea snakes (Snake:4)
  A deep elf archer (Elf:3)
  A mana viper (Snake:2)
  A deep elf mage (Elf:3)
  A guardian serpent (Snake:4)
  A naga mage (Snake:4)
  A slime creature (Depths:1)
  6 dancing weapons
  A spriggan (Swamp:4)
  A naga (Snake:4)
  3 swamp drakes (Swamp:4)
  4 orc warriors
  2 boggarts (Depths:1)
  A centaur (Depths:2)
  An orc priest (Orc:2)
  An orc wizard (Orc:2)
  An orc (Orc:2)
  A briar patch (Swamp:4)
  29 fungi
  4 plants (Lair:8)
78 creatures vanquished.

Grand Total: 1728 creatures vanquished

Notes
Turn   | Place    | Note
--------------------------------------------------------------
     0 | D:1      | oplop the Vampire Enchanter began the quest for the Orb.
     0 | D:1      | Reached XP level 1. HP: 13/13 MP: 3/3
   325 | D:1      | Reached XP level 2. HP: 10/19 MP: 5/5
   349 | D:1      | Reached skill level 5 in Stealth
   602 | D:2      | Learned a level 2 spell: Ensorcelled Hibernation
   783 | D:2      | Reached XP level 3. HP: 24/24 MP: 6/6
   807 | D:2      | Reached skill level 5 in Hexes
  1362 | D:3      | Noticed Grinder
  1743 | D:3      | Found a faded altar to an unknown god.
  1778 | D:3      | Reached XP level 4. HP: 15/30 MP: 4/7
  1819 | D:3      | Learned a level 3 spell: Confuse
  1967 | D:3      | Killed Grinder
  1967 | D:3      | Reached skill level 6 in Hexes
  1967 | D:3      | Reached XP level 5. HP: 30/35 MP: 5/10
  1967 | D:3      | Reached XP level 6. HP: 35/41 MP: 5/11
  2263 | D:4      | Noticed Blork the orc
  2271 | D:4      | Killed Blork the orc
  2295 | D:4      | Noticed a sky beast
  2299 | D:4      | Killed a sky beast
  2299 | D:4      | Reached skill level 7 in Hexes
  2299 | D:4      | Reached XP level 7. HP: 42/47 MP: 3/13
  2345 | D:4      | Reached skill level 1 in Fighting
  2362 | D:4      | Found a glowing drain.
  2366 | Sewer    | Entered a sewer
  2453 | Sewer    | Noticed Purgy
  2455 | Sewer    | Killed Purgy
  2728 | D:4      | Got a steaming robe
  2739 | D:4      | Identified the +2 robe "Solel" {MR+} (You found it on level 4 of the Dungeon)
  2824 | D:4      | Found a shattered altar of Ashenzari.
  3007 | D:4      | Noticed Crazy Yiuf
  3015 | D:4      | Killed Crazy Yiuf
  3126 | D:4      | Became a worshipper of Ashenzari the Shackled
  3171 | D:5      | Entered Level 5 of the Dungeon
  3206 | D:5      | Reached XP level 8. HP: 57/57 MP: 9/14
  3244 | D:5      | Learned a level 3 spell: Tukima's Dance
  3248 | D:5      | Learned a level 3 spell: Dazzling Spray
  3899 | D:6      | Found a snail-covered altar of Cheibriados.
  3947 | D:6      | Reached skill level 5 in Spellcasting
  4282 | D:6      | Noticed Rationalist's ghost (novice FoFi)
  4292 | D:6      | Killed Rationalist's ghost
  4292 | D:6      | Reached skill level 5 in Dodging
  4292 | D:6      | Reached skill level 8 in Hexes
  4415 | D:7      | Reached XP level 9. HP: 23/65 MP: 5/17
  4826 | D:7      | Reached * piety under Ashenzari
  4830 | D:7      | Reached skill level 9 in Hexes
  4831 | D:7      | Found a glowing golden altar of the Shining One.
  4846 | D:7      | Reached skill level 5 in Short Blades
  5134 | D:7      | Found a staircase to the Ecumenical Temple.
  5256 | Temple   | Entered the Ecumenical Temple
  5622 | D:8      | Reached skill level 10 in Hexes
  5814 | D:8      | Found a sparkling altar of Nemelex Xobeh.
  5815 | D:8      | Found an opulent altar of Gozag.
  5956 | D:9      | Noticed seren's ghost (novice DEWz)
  5989 | D:9      | Killed seren's ghost
  5989 | D:9      | Reached XP level 10. HP: 73/73 MP: 16/19
  5997 | D:9      | Learned a level 6 spell: Invisibility
  6032 | D:9      | Noticed a catoblepas
  6096 | D:9      | Reached skill level 11 in Hexes
  6123 | D:9      | Found a burning altar of Makhleb.
  6133 | D:9      | Reached skill level 5 in Fighting
  6230 | D:9      | Noticed an elephant
  6231 | D:9      | Found a staircase to the Lair.
  6240 | D:9      | Got the uncursed robe "Geno" {+Blink Str-4 Int+4 Stlth+}
  6584 | D:10     | Entered Level 10 of the Dungeon
  6696 | D:10     | Reached ** piety under Ashenzari
  7118 | D:10     | Found a portal to a secret trove of treasure.
  7878 | D:11     | Reached skill level 12 in Hexes
  7899 | D:11     | oplop: ??killer bee
  7899 | D:11     | beem: killer bee[1/10]: If you have poison resistance and decent AC, a nuisance. If only one of those, a real bugger once they start swarming you. If neither, be careful as soon as you spot one, or else you might die.
  7899 | D:11     | oplop: @??killer bee
  7899 | D:11     | beem: killer bee (y)
                  | Spd:
    20 | HD: 3    | HP: 13-19
                  | AC/EV: 2/18
                  | Dam: 10(poison:6-12)
                  | fly
                  | Res: magic(10)
                  | Vul: poison
                  | Chunks: noxious
                  | XP:
    62 | Sz: tiny | Int: animal.
  8078 | D:11     | Found a basalt altar of Yredelemnul.
  8373 | D:11     | Reached *** piety under Ashenzari
  8553 | D:11     | Noticed a cyclops
  8560 | D:11     | Killed a cyclops
  8802 | D:12     | Noticed a centaur warrior
  8819 | D:12     | Killed a centaur warrior
  8855 | D:12     | Reached XP level 11. HP: 43/81 MP: 21/21
  9152 | D:12     | Found a roughly hewn altar of Beogh.
  9152 | D:12     | Found a staircase to the Orcish Mines.
  9155 | D:12     | Noticed an unseen horror
  9156 | D:12     | Noticed an orc knight
  9166 | D:12     | Killed an unseen horror
  9179 | D:12     | Killed an orc knight
  9405 | D:12     | oplop: ты тут?
  9405 | D:12     | namelastname112: частично
  9405 | D:12     | oplop: цени
  9405 | D:12     | namelastname112: so lel
  9405 | D:12     | namelastname112: лол
  9405 | D:12     | oplop: fvektn b rjkmwj
  9405 | D:12     | namelastname112: найс
  9405 | D:12     | oplop: амулет и кольцо
  9405 | D:12     | oplop: кольцо с д2, амулет с д5
  9426 | D:12     | namelastname112: лаунднесс снять бы
  9461 | D:12     | oplop: неособо мешает, лол
  9873 | Lair:1   | Entered Level 1 of the Lair of Beasts
 10034 | Lair:1   | Gained mutation: You evolve. [potion of mutation]
 10034 | Lair:1   | Gained mutation: Your system is resistant to poisons. [potion of mutation]
 10303 | Lair:1   | Gained mutation: Your muscles are strong. (Str +2) [evolution]
 10308 | Lair:1   | Noticed a five-headed hydra
 10320 | Lair:1   | Killed a five-headed hydra
 10391 | Lair:1   | Reached **** piety under Ashenzari
 11403 | Lair:3   | Reached XP level 12. HP: 92/92 MP: 17/24
 11413 | Lair:3   | Reached skill level 1 in Shields
 11529 | Lair:3   | Identified the Volume of Poisonous Enchantment (You found it on level 3 of the Lair of Beasts)
 11771 | Lair:3   | Identified a scroll of acquirement
 11773 | Lair:3   | Got the cursed pair of boots "Cutumiqi" {+Fly Int+5}
 11784 | Lair:3   | Identified the cursed +0 pair of boots "Cutumiqi" {+Fly Int+5} (You acquired it on level 3 of the Lair of Beasts)
 11805 | Lair:3   | Noticed a death yak
 11805 | Lair:3   | Noticed a death yak
 11805 | Lair:3   | Noticed a death yak
 11805 | Lair:3   | Noticed a death yak
 11805 | Lair:3   | Noticed a death yak
 11822 | Lair:3   | Killed a death yak
 11826 | Lair:3   | Killed a death yak
 11832 | Lair:3   | Killed a death yak
 11836 | Lair:3   | Killed a death yak
 11836 | Lair:3   | Reached skill level 10 in Stealth
 11841 | Lair:3   | Killed a death yak
 12314 | Lair:4   | Found a staircase to the Snake Pit.
 12433 | Lair:4   | Reached skill level 10 in Dodging
 12474 | Lair:4   | Found a shimmering altar of Xom.
 12518 | Lair:4   | Reached skill level 10 in Short Blades
 12601 | Lair:4   | Found a staircase to the Swamp.
 12634 | Lair:4   | Noticed a seven-headed hydra
 12660 | Lair:4   | Killed a seven-headed hydra
 12749 | Lair:5   | Reached skill level 13 in Hexes
 12760 | Lair:5   | Reached XP level 13. HP: 99/99 MP: 20/26
 12830 | Lair:5   | Reached ***** piety under Ashenzari
 13727 | Lair:6   | Found a labyrinth entrance.
 13749 | Lab      | Entered a labyrinth
 14006 | Lab      | Noticed a minotaur
 14008 | Lab      | Killed a minotaur
 14010 | Lab      | Identified the ring "Negasi" {*Corrode rPois AC+3 Int+5 Dex+3}
 14010 | Lab      | Identified a ring of the Octopus King {SustAt AC+1 EV+1 Str+1 Int+1 Dex+1}
 14016 | Lab      | Got the arbalest of Fortitude {penet, +Inv MR+}
 14017 | Lab      | Identified the +8 arbalest of Fortitude {penet, +Inv MR+} (You found it in a labyrinth)
 14143 | Lair:6   | Found a deep blue altar of Sif Muna.
 14230 | Lair:6   | Found a staircase to the Slime Pits.
 14348 | Lair:6   | Gained mutation: You passively map a small area around you. [evolution]
 14780 | Lair:7   | Reached skill level 10 in Spellcasting
 15027 | Lair:7   | Reached skill level 14 in Hexes
 15096 | Lair:7   | Learned a level 3 spell: Mephitic Cloud
 15480 | Lair:7   | Reached skill level 1 in Poison Magic
 15869 | Lair:8   | Entered Level 8 of the Lair of Beasts
 15876 | Lair:8   | Reached skill level 1 in Air Magic
 15917 | Lair:8   | Reached skill level 1 in Conjurations
 16162 | Lair:8   | Reached XP level 14. HP: 100/108 MP: 12/28
 16519 | Lair:8   | Gained mutation: You rapidly evolve. [evolution]
 16605 | Lair:8   | Found a burning altar of Makhleb.
 16605 | Lair:8   | Found a gateway to Hell.
 17107 | D:9      | Reached skill level 15 in Hexes
 17313 | D:9      | Identified the +0 robe "Geno" {+Blink Str-4 Int+4 Stlth+} (You found it on level 9 of the Dungeon)
 17425 | D:13     | Reached skill level 10 in Fighting
 17474 | D:13     | Found Anai's Jewellery Emporium.
 17929 | D:13     | Found a gate to the Vaults.
 18128 | D:13     | Lost mutation: Your muscles are strong. (Str +2) [evolution]
 18388 | D:14     | Found a frozen archway.
 18409 | IceCv    | Entered an ice cave
 18442 | IceCv    | Gained mutation: Your spells are a little easier to cast, but a little less powerful. [mutagenic glow]
 18699 | IceCv    | Got the uncursed cloak of Modesty {rElec MR- Regen+}
 18916 | IceCv    | Reached XP level 15. HP: 117/117 MP: 25/30
 19019 | IceCv    | Noticed a frost giant
 19070 | IceCv    | Killed a frost giant
 19118 | IceCv    | Identified the ring of Waysmop {-Tele rF+++ rC+ Dex+4}
 19118 | IceCv    | Identified the Volume of Ice
 19366 | D:14     | Reached skill level 16 in Hexes
 19872 | D:14     | Reached skill level 1 in Throwing
 19905 | D:15     | Entered Level 15 of the Dungeon
 20088 | D:15     | Reached ****** piety under Ashenzari
 20351 | D:15     | namelastname112: мда
 20352 | D:15     | namelastname112: умер
 20359 | D:15     | namelastname112: блинк рядом с яком
 20359 | D:15     | oplop: зачем ты так
 20376 | D:15     | namelastname112: от которого я хотел отблинковаться
 20550 | D:15     | namelastname112: ну
 20561 | D:15     | namelastname112: я хотел ОТ него блинкануться
 20572 | D:15     | namelastname112: а не к нему
 20705 | D:15     | oplop: эх
 20901 | D:9      | Identified the +0 robe "Geno" {+Blink Str-4 Int+4 Stlth+} (You found it on level 9 of the Dungeon)
 20924 | Lair:1   | oplop: а у меня дискорд есть
 20924 | Lair:1   | oplop: я правда забыл как его правильно юзать
 20924 | Lair:1   | namelastname112: норм
 20924 | Lair:1   | namelastname112: лол
 20924 | Lair:1   | namelastname112: ну
 20924 | Lair:1   | oplop: вроде надо кастануть и съебать, да?
 20924 | Lair:1   | namelastname112: идишь толпу врагов
 20924 | Lair:1   | namelastname112: кастуешь
 20924 | Lair:1   | namelastname112: и отходишь потихоньку
 20941 | Lair:1   | oplop: в концовке лейра с адом есть польза?
 20941 | Lair:1   | oplop: чет мне туда неохота лезть
 21142 | Lair:2   | Gained mutation: You are partially covered in icy blue scales (AC +1). [evolution]
 21142 | Lair:2   | oplop: я там только кучку золота заметил
 21178 | Lair:1   | Learned a level 8 spell: Discord
 21178 | Lair:1   | namelastname112: ну
 21178 | Lair:1   | namelastname112: там обычно один итем спавнится
 21178 | Lair:1   | namelastname112: аквариум-качества
 21178 | Lair:1   | oplop: ясно
 21178 | Lair:1   | oplop: в этот раз видимо кучка золота, кек
 21178 | Lair:1   | namelastname112: изи концовка же
 21178 | Lair:1   | namelastname112: че ты
 21178 | Lair:1   | oplop: сало чтоле выучить...
 21195 | Lair:1   | oplop: и даркнесс
 21195 | Lair:1   | oplop: даркнесс вроде пиздат для съеба
 21200 | Lair:1   | Learned a level 4 spell: Passage of Golubria
 21244 | Lair:1   | Learned a level 5 spell: Silence
 21244 | Lair:1   | namelastname112: хз, я на своем не учил
 21341 | Orc:1    | Entered Level 1 of the Orcish Mines
 21343 | Orc:1    | Found Zawkic's Distillery.
 21380 | Orc:1    | Bought a potion of heal wounds for 70 gold pieces
 21380 | Orc:1    | Bought a potion of curing for 42 gold pieces
 21380 | Orc:1    | Bought a potion of curing for 42 gold pieces
 21380 | Orc:1    | Bought a potion of haste for 140 gold pieces
 21380 | Orc:1    | Bought a potion of heal wounds for 70 gold pieces
 21468 | Orc:2    | Entered Level 2 of the Orcish Mines
 21509 | Orc:2    | Found Azanatom's Food Boutique.
 21550 | Orc:2    | oplop: а за дискорд экспу дают?
 21550 | Orc:2    | oplop: ??discord
 21550 | Orc:2    | beem: discord[1/4]: Level 8 Hexes spell. Has a chance to cause enemies in LOS to go into {frenzy}. Checks MR. Does not work on monsters with plant int.
 21550 | Orc:2    | oplop: ??discord[2
 21550 | Orc:2    | beem: discord[2/4]: !lm SGrunt feck br.end=vaults 2 -tv:<0
 21550 | Orc:2    | oplop: ??discord[3
 21550 | Orc:2    | beem: discord[3/4]: Here: a deep elf blademaster, wielding a cutlass and a runed cutlass and wearing a leather armour (lightly wounded, fast, unusually strong, frenzied and insane, durably summoned, haloed)
 21550 | Orc:2    | oplop: ??discord[4
 21550 | Orc:2    | beem: discord[4/4]: http://i.imgur.com/Sn0UuSH.jpg
 21550 | Orc:2    | oplop: ??frenzy
 21550 | Orc:2    | beem: frenzy[1/1]: Temporarily forces an enemy to attack anything nearby (turning them neutral during the duration). If they are natural holiness, they also get {might} and {haste}. Caused by {needle of frenzy} and {discord}. Does not work on monsters with plant int.
 21667 | Orc:2    | Found a staircase to the Elven Halls.
 21822 | Orc:2    | Found Pommovas's Antique Armour Boutique.
 21822 | Orc:2    | Found Fafar's Gadget Shop.
 21823 | Orc:2    | Found Puda's Weapon Shop.
 21891 | Orc:2    | Found Exzim's Antique Weapon Boutique.
 21952 | Orc:2    | Bought a glowing blowgun for 42 gold pieces
 21954 | Orc:2    | Bought a glowing hat for 128 gold pieces
 21959 | Orc:2    | Bought a glowing helmet for 144 gold pieces
 22182 | Orc:2    | Found a roughly hewn altar of Beogh.
 22305 | Orc:2    | oplop: ??ring mail
 22305 | Orc:2    | beem: ring mail[1/1]: 5AC, 7ER.
 22305 | Orc:2    | oplop: ??robe
 22305 | Orc:2    | beem: robe[1/2]: 2AC, 0ER. Robes have unique {archmagi} and {resistance} body armour egos.
 22345 | Orc:2    | Bought a faintly humming ring mail for 288 gold pieces
 22345 | Orc:2    | Identified the +3 ring mail of Life {MR+} (You bought it in a shop on level 2 of the Orcish Mines)
 22812 | Elf:1    | Entered Level 1 of the Elven Halls
 22852 | Elf:1    | Reached skill level 1 in Armour
 23032 | Elf:1    | Reached XP level 16. HP: 125/125 MP: 32/32
 23093 | Elf:1    | Found Zahal's Weapon Emporium.
 23096 | Elf:1    | Bought the +8 dagger of Freehold {elec, rC+ Dex+4} for 808 gold pieces
 23172 | Elf:1    | Reached skill level 5 in Throwing
 24359 | Elf:2    | Found Ysugug's Assorted Antiques.
 24630 | Elf:2    | Found a runed gate.
 24631 | Elf:2    | Found a runed gate.
 24632 | Elf:2    | Found a runed gate.
 25133 | Swamp:1  | Entered Level 1 of the Swamp
 25321 | Swamp:1  | Learned a level 1 spell: Apportation
 25536 | Swamp:1  | Reached skill level 5 in Armour
 25693 | Swamp:1  | Gained mutation: Your muscles are strong. (Str +2) [evolution]
 25932 | Swamp:2  | Noticed Kirke
 25934 | Swamp:2  | Killed Kirke
 26056 | Swamp:2  | Noticed Roxanne
 27364 | Swamp:4  | Entered Level 4 of the Swamp
 27479 | Swamp:4  | Reached XP level 17. HP: 135/135 MP: 25/33
 27560 | Swamp:4  | Noticed Louise
 27577 | Swamp:4  | oplop: ??thorn hunter
 27577 | Swamp:4  | beem: thorn hunter[1/1]: Fast, mobile plants which fire volleys of thorns while making large "briar patches" to keep you from escaping and protect themselves. Briar patches will hurt you when you melee them, and can be fired through similar to brushes. Appear in Swamp as top-tier threats.
 27577 | Swamp:4  | oplop: @??thorn hunter
 27577 | Swamp:4  | beem: thorn hunter (f)
                  | Spd: 12 (swim: 120%)
                  | HD: 15
                  | HP: 81-112
                  | AC/EV: 9/9
                  | Dam: 27, 23
                  | plant, amphibious, see invisible, unbreathing
                  | Res: magic(100), poison, drown, neg+++, torm
                  | Vul: fire
                  | XP: 2121
                  | Sp: v.thorns (3d18) [!AM, !sil], w.brambles [!sil]
                  | Sz: Large
                  | Int: animal.
 27680 | Swamp:4  | Killed Louise
 27695 | Swamp:4  | Reached skill level 15 in Stealth
 27839 | Swamp:4  | Got a decaying rune of Zot
 28323 | Snake:1  | Entered Level 1 of the Snake Pit
 28678 | Snake:1  | Found a blossoming altar of Fedhas.
 28802 | Snake:1  | Found a runed gate.
 28802 | Snake:1  | Found a runed gate.
 28802 | Snake:1  | Found a runed gate.
 30646 | Snake:3  | Reached skill level 15 in Dodging
 30951 | Snake:3  | Noticed Aizul
 30977 | Snake:3  | HP: 5/139 [poisoned by Aizul (poison arrow)]
 31027 | Snake:2  | oplop: @??aizul
 31027 | Snake:2  | beem: Aizul (S)
                  | Spd:
    15 | HD: 14   | HP: 112-163
                  | AC/EV: 8/18
                  | Dam: 25
                  | spellcaster, see invisible
                  | Res: magic(120), poison
                  | Chunks: mutagenic
                  | XP: 1661
                  | Sp: b.venom (3d18), poison arrow (3d21), sleep
                  | Sz: Large
                  | Int: human.
 31244 | Snake:3  | Reached XP level 18. HP: 146/146 MP: 21/34
 31489 | Snake:3  | Found a glowing silver altar of Zin.
 31645 | Snake:3  | Reached skill level 1 in Translocations
 31761 | Snake:3  | Killed Aizul
 31910 | Snake:4  | Entered Level 4 of the Snake Pit
 32273 | Snake:4  | Noticed Vashnia
 32859 | Snake:4  | Killed Vashnia
 33132 | Snake:4  | Gained mutation: You are surrounded by a mild repulsion field (EV +2). [evolution]
 33132 | Snake:4  | Lost mutation: You rapidly evolve. [end of evolution]
 33258 | Snake:4  | Identified the +5 ring mail "Vomm" {*Confuse rN++ Dex+4}
 33507 | Snake:4  | Got a serpentine rune of Zot
 34006 | Elf:3    | Entered Level 3 of the Elven Halls
 34050 | Elf:2    | Reached skill level 15 in Fighting
 34273 | Elf:2    | Reached XP level 19. HP: 93/155 MP: 23/36
 34455 | Elf:3    | Noticed Wiglaf
 34455 | Elf:3    | Noticed Mara
 34963 | Elf:3    | Reached skill level 5 in Translocations
 35259 | Elf:3    | Identified the Papyrus of the Boiling Point
 35363 | Elf:3    | Identified the cursed +0 pair of boots of Surprise {-Cast MR+ Str+2 SInv}
 35406 | Elf:3    | Identified the Incunabulum of Quantum Self-Improvement
 35414 | Elf:3    | Learned a level 6 spell: Haste
 35502 | Elf:3    | oplop: @??mara
 35502 | Elf:3    | beem: Mara (R)
                  | Spd:
    10 | HD: 18   | HP: 117-169
                  | AC/EV: 12/14
                  | Dam: 30
                  | demonic, weapons, items, doors, unholy, see invisible
                  | Res: magic(140), fire++, poison, rot, neg+++, torm
                  | Vul: holy++
                  | XP: 8024
                  | Sp: blink [!sil], b.fire (3d27) [!sil], mara summon [!sil], sum.illusion [!sil], pain (d17) [!sil]
                  | Sz: Medium
                  | Int: human.
 35674 | Elf:3    | Noticed Donald
 35682 | Elf:3    | Killed Donald
 35682 | Elf:3    | Reached skill level 1 in Charms
 35794 | Elf:3    | oplop: @?wiglaf
 35794 | Elf:3    | beem: Wiglaf (g)
                  | Spd:
    10 | HD: 17   | HP: 116-158
                  | AC/EV: 11/6
                  | Dam: 30
                  | weapons, items, doors, priest
                  | Res: magic(120)
                  | XP: 1826
                  | Sp: might [!AM], haste [!AM]
                  | Sz: Medium
                  | Int: human.
 35816 | Elf:3    | Killed Wiglaf
 36272 | Lair:1   | oplop: ??ring of flames
 36272 | Lair:1   | beem: ring of flames[1/2]: Level 7 charms/fire. A third ring of fire, because two rings of fire aren't enough for some people. Gives a fire enhancer, surrounds each square around you with a cloud of flame and leaves clouds of flame in your wake. Confers rF++, rC--, and makes you immune to clouds of flame.
 36272 | Lair:1   | oplop: ??ring of flames[2
 36272 | Lair:1   | beem: ring of flames[2/2]: Does not prevent clouds from appearing under you. You make more flames if you're hasted or moving quickly!
 36489 | D:15     | Found a staircase to the Depths.
 36506 | Depths:1 | Entered Level 1 of the Depths
 36915 | Depths:1 | HP: 7/155 [fire giant/fireball (36)]
 37127 | Depths:1 | Reached skill level 15 in Spellcasting
 37471 | Depths:1 | Reached skill level 5 in Charms
 37658 | Depths:1 | Gained mutation: You have an increased reservoir of magic (+10% MP). [potion of beneficial mutation]
 37659 | Depths:1 | Gained mutation: You are robust (+10% HP). [potion of beneficial mutation]
 37843 | Depths:1 | Gained mutation: You are dopey. (Int -2) [evolution]
 37900 | Depths:2 | Found Ykeun's Jewellery Boutique.
 37942 | Depths:2 | Reached XP level 20. HP: 147/179 MP: 10/43
 38491 | Depths:2 | Found a one-way gate leading to the halls of Pandemonium.
 39006 | Depths:3 | Noticed Margery
 39009 | Depths:3 | Killed from afar by Margery

Skill      XL: |  1  2  3  4  5  6  7  8  9 10 11 12 13 14 15 16 17 18 19 20 |
---------------+-------------------------------------------------------------+-----
Stealth        | 5 6 7 8 10 12 14 15 | 15.6
Hexes          | 5 6 7 8 10 12 13 14 15 16 | 16.0
Spellcasting   | 3 4 5 6 7 8 9 10 11 12 13 15 | 15.5
Fighting       | 2 3 4 6 7 8 9 10 11 12 14 15 | 15.4
Short Blades   | 2 4 6 7 9 10 | 10.5
Dodging        | 3 5 6 7 9 10 11 12 13 15 | 15.3
Shields        | 4 |  4.0
Poison Magic   | 2 |  2.1
Air Magic      | 1 |  1.8
Conjurations   | 1 |  1.4
Throwing       | 4 7 |  7.8
Armour         | 2 6 7 |  7.5
Translocations | 4 7 8 |  8.8
Charms         | 6 7 |  7.7

Action                   |  1- 3 |  4- 6 |  7- 9 | 10-12 | 13-15 | 16-18 | 19-21 || total
-------------------------+-------+-------+-------+-------+-------+-------+-------++-------
Melee: Dagger            |   161 |    39 |   286 |   678 |  1560 |  1117 |   679 ||  4520
       Bite              |     8 |     1 |    23 |    74 |   233 |   163 |   113 ||   615
Throw: Throwing net      |       |       |       |       |       |     4 |       ||     4
 Cast: Corona            |     4 |       |       |       |       |       |       ||     4
       Ensorcelled Hiber |    18 |    12 |    41 |    41 |    30 |    61 |     4 ||   207
       Confuse           |       |     2 |    35 |    25 |    32 |    37 |    31 ||   162
       Tukima's Dance    |       |       |     2 |     9 |    16 |    40 |    14 ||    81
       Dazzling Spray    |       |       |     1 |    34 |   100 |   113 |    64 ||   312
       Invisibility      |       |       |       |     5 |    14 |     5 |     3 ||    27
       Discord           |       |       |       |       |     2 |    21 |    15 ||    38
       Mephitic Cloud    |       |       |       |       |       |     7 |    15 ||    22
       Apportation       |       |       |       |       |       |     5 |       ||     5
       Passage of Golubr |       |       |       |       |       |     1 |       ||     1
Invok: Curse Item        |       |       |       |     2 |     3 |       |       ||     5
       Scrying           |       |       |       |     1 |     6 |     7 |     2 ||    16
 Abil: End Transformatio |     1 |       |     1 |     6 |    16 |     5 |     7 ||    36
       Bat Form          |     1 |       |     1 |     6 |    16 |     5 |     7 ||    36
Evoke: Wand              |       |       |       |       |     8 |     5 |     6 ||    19
  Use: Potion            |     5 |       |     3 |     1 |     3 |    16 |     6 ||    34
       Scroll            |       |     9 |       |    19 |    10 |     4 |     5 ||    47
 Stab: Sleeping          |    26 |    13 |    36 |    78 |   105 |   116 |    24 ||   398
       Invisible         |     1 |       |     4 |    59 |   172 |    60 |    48 ||   344
       Confused          |       |     3 |    11 |    12 |    17 |    27 |    25 ||    95
       Distracted        |       |       |     1 |     1 |     9 |     8 |     6 ||    25
       Held in net/web   |       |       |       |       |       |     1 |       ||     1
Armor: Robe              |    66 |     6 |    61 |    48 |    68 |    62 |    30 ||   341
Dodge: Dodged            |    95 |    18 |   169 |   357 |   610 |   694 |   453 ||  2396
Block: Other             |       |       |    29 |   111 |     7 |       |       ||   147
       Reflection        |       |       |     2 |     1 |    14 |    42 |    25 ||    84
       Buckler           |       |       |       |    85 |   675 |   635 |   416 ||  1811
